ABL
CANBERRA RAIDERS @ NORTH MELBOURNE KANGAROOS
04/26/2022
 
TOP OF THE 1ST
Canberra Raiders batting - Pitching for North Melbourne Kangaroos : RHP Sam Purtell
Pitching: RHP Sam Purtell
Batting: RHB Jair Durtnell 0-0: Ball
1-0: Called Strike
1-1: Ground out 5-3 (Groundball, 5L, EV 106.3 MPH)
Batting: RHB Jamie Aplin 0-0: Ground out 1-3 (Groundball, 34S, EV 70.0 MPH)
Batting: LHB Les Westren 0-0: Ball
1-0: Ball
2-0: Ball
3-0: Called Strike
3-1: Base on Balls
Batting: RHB Jory Esplin 0-0: Called Strike
0-1: Ball
Les Westren steals 2nd base
1-1: Foul Ball, location: 5FF
1-2: Hit by Pitch
Batting: RHB Tim Kennelly 0-0: Ball
1-0: Called Strike
1-1: Fielders Choice at 3rd, U5 (Groundball, 5, EV 81.9 MPH)
Top of the 1st over - 0 runs, 0 hits, 0 errors, 1 left on base; Canberra 0 - North Melbourne 0
BOTTOM OF THE 1ST
North Melbourne Kangaroos batting - Pitching for Canberra Raiders : RHP Matt Melsome
Pitching: RHP Matt Melsome
Batting: RHB Gareth Dunn 0-0: Called Strike
0-1: Ground out 4-3 (Groundball, 4M, EV 88.1 MPH)
Batting: RHB Alan Morgan 0-0: Reached via error on a dropped throw from 3B, E3 (Groundball, 56, EV 101.3 MPH)
Batting: LHB Harry Message 0-0: Called Strike
0-1: Called Strike
0-2: Ball
1-2: DOUBLE (Flyball, 8RXD, EV 94.4 MPH)
Alan Morgan to third
Runner from 3rd tries for Home, SAFE, throw by CF to home
Batting: SHB Jim Carney 0-0: Called Strike
0-1: Ball
1-1: Fly out, F9 (Line Drive, 9S, EV 90.0 MPH)
Batting: LHB Ron Brumby 0-0: Swinging Strike
0-1: Swinging Strike
0-2: Ball
1-2: Ball
2-2: Foul Ball, location: 3F
2-2: Ball
3-2: Foul Ball, location: 3FF
3-2: Foul Ball, location: 25F
3-2: Base on Balls
Batting: RHB Brenden Gulledge 0-0: Fly out, F7 (Line Drive, 7, EV 91.3 MPH)
Bottom of the 1st over - 1 run, 1 hit, 1 error, 2 left on base; Canberra 0 - North Melbourne 1
TOP OF THE 2ND
Canberra Raiders batting - Pitching for North Melbourne Kangaroos : RHP Sam Purtell
Batting: LHB Glen Hamlyn 0-0: DOUBLE (Groundball, 3L, EV 93.8 MPH)
Batting: LHB Trent Tombs 0-0: Swinging Strike
0-1: Ball
1-1: Ball
2-1: SINGLE (Groundball, 6MD, EV 100.6 MPH)
Glen Hamlyn to third
Batting: SHB Matt Melsome 0-0: Ball
1-0: Foul Ball, location: 5SF
1-1: SINGLE (Groundball, 13, EV 70.0 MPH) (infield hit)
Trent Tombs to second
Batting: RHB Brad Windus 0-0: Ball
1-0: Ball
2-0: Called Strike
2-1: Called Strike
2-2: Foul Ball, location: 5F
2-2: Foul Ball, location: 5F
2-2: Ball
3-2: Fly out, F8 (Flyball, 8LD, EV 95.0 MPH)
Batting: RHB Jair Durtnell 0-0: Ball
1-0: Ball
2-0: Ball
3-0: Called Strike
3-1: Swinging Strike
3-2: Grounds into double play, 5-4-3 (Groundball, 56, EV 101.9 MPH)
Top of the 2nd over - 0 runs, 3 hits, 0 errors, 2 left on base; Canberra 0 - North Melbourne 1
BOTTOM OF THE 2ND
North Melbourne Kangaroos batting - Pitching for Canberra Raiders : RHP Matt Melsome
Batting: LHB Mat Stringfellow 0-0: SINGLE (Line Drive, 6MD, EV 106.9 MPH)
Batting: RHB Kole Torin 0-0: Foul Ball, location: 9LDF
0-1: Fielders Choice at 2nd, 3-6 (Groundball, 3, EV 83.1 MPH)
Batting: RHB Sam Purtell 0-0: Sac Bunt to 2L - play at first, batter OUT! 2-3
Kole Torin to second
Batting: RHB Gareth Dunn 0-0: Swinging Strike
0-1: Swinging Strike
0-2: Ball
1-2: Ball
2-2: Foul Ball, location: 9LSF
2-2: SINGLE (Line Drive, 4D, EV 94.4 MPH)
Kole Torin to third
Runner from 3rd tries for Home, SAFE, throw by CF to home
Batting: RHB Alan Morgan 0-0: Called Strike
0-1: SINGLE (Line Drive, 6D, EV 100.6 MPH)
Gareth Dunn to second
Batting: LHB Harry Message 0-0: Ball
1-0: Called Strike
1-1: Called Strike
1-2: Ball
2-2: Ball
3-2: Fly out, F9 (Flyball, 9LM, EV 103.1 MPH)
Bottom of the 2nd over - 1 run, 3 hits, 0 errors, 2 left on base; Canberra 0 - North Melbourne 2
TOP OF THE 3RD
Canberra Raiders batting - Pitching for North Melbourne Kangaroos : RHP Sam Purtell
Batting: RHB Jamie Aplin 0-0: Ball
1-0: Ground out 6-3 (Groundball, 6, EV 102.5 MPH)
Batting: LHB Les Westren 0-0: Swinging Strike
0-1: Foul Ball, location: 7LSF
0-2: Ground out U3 (Groundball, 3, EV 84.4 MPH)
Batting: RHB Jory Esplin 0-0: Ball
1-0: Ball
2-0: Called Strike
2-1: Fly out, F8 (Flyball, 8LM, EV 93.8 MPH)
Top of the 3rd over - 0 runs, 0 hits, 0 errors, 0 left on base; Canberra 0 - North Melbourne 2
BOTTOM OF THE 3RD
North Melbourne Kangaroos batting - Pitching for Canberra Raiders : RHP Matt Melsome
Batting: SHB Jim Carney 0-0: SINGLE (Groundball, 34D, EV 97.5 MPH)
Batting: LHB Ron Brumby 0-0: Called Strike
0-1: Grounds into double play, 4-6-3 (Groundball, 13, EV 86.9 MPH)
Batting: RHB Brenden Gulledge 0-0: Ball
1-0: Called Strike
1-1: Ball
2-1: Foul Ball, location: 23F
2-2: Foul Ball, location: 2RF
2-2: Strikes out swinging
Bottom of the 3rd over - 0 runs, 1 hit, 0 errors, 0 left on base; Canberra 0 - North Melbourne 2
TOP OF THE 4TH
Canberra Raiders batting - Pitching for North Melbourne Kangaroos : RHP Sam Purtell
Batting: RHB Tim Kennelly 0-0: Ball
1-0: SOLO HOME RUN (Flyball, 89XD, EV 101.3 MPH), Distance : 400 ft
Batting: LHB Glen Hamlyn 0-0: Foul Ball, location: 2F
0-1: Ball
1-1: Ball
2-1: Ball
3-1: Foul Ball, location: 2F
3-2: SINGLE (Line Drive, 34D, EV 108.8 MPH)
Batting: LHB Trent Tombs 0-0: Ball
1-0: Fly out, F8 (Flyball, 8LD, EV 95.0 MPH)
Batting: SHB Matt Melsome 0-0: Foul Ball, location: 2F
0-1: Swinging Strike
0-2: Ball
1-2: Strikes out swinging
Batting: RHB Brad Windus 0-0: Swinging Strike
0-1: Swinging Strike
0-2: Ball
1-2: Strikes out looking
Top of the 4th over - 1 run, 2 hits, 0 errors, 1 left on base; Canberra 1 - North Melbourne 2
BOTTOM OF THE 4TH
North Melbourne Kangaroos batting - Pitching for Canberra Raiders : RHP Matt Melsome
Batting: LHB Mat Stringfellow 0-0: Ball
1-0: Ball
2-0: Foul Ball, location: 7LDF
2-1: Ball
3-1: Foul Ball, location: 3F
3-2: Foul Ball, location: 7LDF
3-2: Foul Ball, location: 7LDF
3-2: Base on Balls
Batting: RHB Kole Torin 0-0: Ball
Mat Stringfellow steals 2nd base
1-0: Foul Ball, location: 3FF
1-1: Ball
2-1: Foul Ball, location: 5DF
2-2: Foul Ball, location: 2F
2-2: Ball
3-2: Strikes out looking
Batting: RHB Sam Purtell 0-0: Ball
1-0: Ball
2-0: Ball
3-0: Called Strike
3-1: SINGLE (Line Drive, 9S, EV 97.5 MPH)
Mat Stringfellow to third
Batting: RHB Gareth Dunn 0-0: Foul Ball, location: 23FF
0-1: Foul Ball, location: 9LSF
0-2: Strikes out looking
Batting: RHB Alan Morgan 0-0: Ball
1-0: Ball
2-0: DOUBLE (Groundball, 5L, EV 106.9 MPH)
Mat Stringfellow scores
Sam Purtell to third
Batting: LHB Harry Message 0-0: Ball
1-0: Foul Ball, location: 9LSF
1-1: Fly out, F9 (Flyball, 89S, EV 96.3 MPH)
Bottom of the 4th over - 1 run, 2 hits, 0 errors, 2 left on base; Canberra 1 - North Melbourne 3
TOP OF THE 5TH
Canberra Raiders batting - Pitching for North Melbourne Kangaroos : RHP Sam Purtell
Batting: RHB Jair Durtnell 0-0: Foul Ball, location: 5FF
0-1: Foul Ball, location: 9LMF
0-2: Ground out 5-3 (Groundball, 56S, EV 66.9 MPH)
Batting: RHB Jamie Aplin 0-0: Swinging Strike
0-1: Swinging Strike
0-2: Ball
1-2: Ball
2-2: Foul Ball, location: 2F
2-2: Foul Ball, location: 9LDF
2-2: Strikes out swinging
Batting: LHB Les Westren 0-0: Called Strike
0-1: Foul Ball, location: 2F
0-2: Ball
1-2: Strikes out swinging
Top of the 5th over - 0 runs, 0 hits, 0 errors, 0 left on base; Canberra 1 - North Melbourne 3
BOTTOM OF THE 5TH
North Melbourne Kangaroos batting - Pitching for Canberra Raiders : RHP Matt Melsome
Batting: SHB Jim Carney 0-0: Called Strike
0-1: Ball
1-1: Foul Ball, location: 9LSF
1-2: Ground out 4-3 (Groundball, 4, EV 89.4 MPH)
Batting: LHB Ron Brumby 0-0: Ball
1-0: Ball
2-0: Foul Ball, location: 23F
2-1: Swinging Strike
2-2: Ball
3-2: Base on Balls
Batting: RHB Brenden Gulledge 0-0: Called Strike
0-1: Swinging Strike
0-2: Ball
1-2: Hit by Pitch
Ron Brumby to second
Batting: LHB Mat Stringfellow 0-0: TRIPLE (Flyball, 89D, EV 104.4 MPH)
Ron Brumby scores
Brenden Gulledge scores
Pitching: RHP Phil Rhind
Batting: RHB Kole Torin 0-0: Ball
1-0: Fly out, F4 (Popup, 4D, EV 50.6 MPH)
Batting: RHB Sam Purtell 0-0: Foul Ball, location: 9LMF
0-1: Ball
1-1: Fly out, F8 (Flyball, 8RD, EV 84.4 MPH)
Bottom of the 5th over - 2 runs, 1 hit, 0 errors, 1 left on base; Canberra 1 - North Melbourne 5
TOP OF THE 6TH
Canberra Raiders batting - Pitching for North Melbourne Kangaroos : RHP Sam Purtell
Batting: RHB Jory Esplin 0-0: Fly out, F4 (Popup, 4, EV 66.9 MPH)
Batting: RHB Tim Kennelly 0-0: SINGLE (Line Drive, 6D, EV 103.1 MPH)
Batting: LHB Glen Hamlyn 0-0: Ball
1-0: Called Strike
1-1: Fielders Choice at 2nd, 4-6 (Groundball, 4S, EV 82.5 MPH)
Pitching: RHP Chet Moore
Batting: LHB Trent Tombs 0-0: Called Strike
0-1: Ball
1-1: Ball
2-1: Ball
3-1: Base on Balls
Glen Hamlyn to second
Pinch Hitting: RHB Bob Burdikin 0-0: SINGLE (Groundball, 6MD, EV 107.5 MPH)
Glen Hamlyn to third
Trent Tombs to second
Runner from 3rd tries for Home, SAFE, throw by CF to home
Batting: RHB Brad Windus 0-0: Ball
1-0: Ball
2-0: Ball
3-0: Called Strike
3-1: Called Strike
3-2: Foul Ball, location: 2F
3-2: Foul Ball, location: 3DF
3-2: Foul Ball, location: 2F
3-2: Foul Ball, location: 23F
3-2: Foul Ball, location: 9LDF
3-2: Ground out 4-3 (Groundball, 13, EV 77.5 MPH)
Top of the 6th over - 1 run, 2 hits, 0 errors, 2 left on base; Canberra 2 - North Melbourne 5
BOTTOM OF THE 6TH
North Melbourne Kangaroos batting - Pitching for Canberra Raiders : RHP Phil Rhind
Pitching: RHP Mitch Lawrenson
Batting: RHB Gareth Dunn 0-0: Called Strike
0-1: SINGLE (Groundball, P, EV 77.5 MPH) (infield hit)
Batting: RHB Alan Morgan 0-0: Bunted foul
0-1: Ball
Gareth Dunn steals 2nd base
1-1: Bunted foul
1-2: Ball
2-2: Foul Ball, location: 3FF
2-2: Fly out, F4 (Popup, 34D, EV 25.6 MPH)
Batting: LHB Harry Message 0-0: Intentional Walk
Batting: SHB Jim Carney 0-0: Called Strike
0-1: Fly out, F9 (Line Drive, 89D, EV 88.1 MPH)
Batting: LHB Ron Brumby 0-0: Called Strike
0-1: Ball
1-1: Ball
2-1: Foul Ball, location: 3F
2-2: Strikes out swinging
Bottom of the 6th over - 0 runs, 1 hit, 0 errors, 2 left on base; Canberra 2 - North Melbourne 5
TOP OF THE 7TH
Canberra Raiders batting - Pitching for North Melbourne Kangaroos : RHP Chet Moore
Batting: RHB Jair Durtnell 0-0: Foul Ball, location: 3SF
0-1: Fly out, F2 (Popup, 23F, EV 85.6 MPH)
Batting: RHB Jamie Aplin 0-0: Ball
1-0: Ball
2-0: Called Strike
2-1: Swinging Strike
2-2: Foul Ball, location: 5SF
2-2: Ball
3-2: Strikes out swinging
Batting: LHB Les Westren 0-0: Ball
1-0: Called Strike
1-1: Ball
2-1: Called Strike
2-2: Ball
3-2: Strikes out swinging
Top of the 7th over - 0 runs, 0 hits, 0 errors, 0 left on base; Canberra 2 - North Melbourne 5
BOTTOM OF THE 7TH
North Melbourne Kangaroos batting - Pitching for Canberra Raiders : RHP Mitch Lawrenson
Batting: RHB Brenden Gulledge 0-0: Ball
1-0: Ball
2-0: Ball
3-0: Called Strike
3-1: Foul Ball, location: 2F
3-2: Strikes out looking
Batting: LHB Mat Stringfellow 0-0: Swinging Strike
0-1: Called Strike
0-2: Foul Ball, location: 3FF
0-2: Strikes out swinging
Batting: RHB Kole Torin 0-0: Called Strike
0-1: Fly out, F7 (Flyball, 7D, EV 109.4 MPH)
Bottom of the 7th over - 0 runs, 0 hits, 0 errors, 0 left on base; Canberra 2 - North Melbourne 5
TOP OF THE 8TH
Canberra Raiders batting - Pitching for North Melbourne Kangaroos : RHP Chet Moore
Now at 1B: John Paddock
Batting: RHB Jory Esplin 0-0: Swinging Strike
0-1: Foul Ball, location: 3SF
0-2: Ball
1-2: SINGLE (Flyball, 89M, EV 98.1 MPH)
Pitching: RHP Herb Watcham
Batting: RHB Tim Kennelly 0-0: Ball
1-0: Foul Ball, location: 9LSF
1-1: Foul Ball, location: 3SF
1-2: Strikes out swinging
Batting: LHB Glen Hamlyn 0-0: Called Strike
0-1: Ball
1-1: Ground out 4-3 (Groundball, 34, EV 84.4 MPH)
Jory Esplin to second
Batting: LHB Trent Tombs 0-0: Ball
1-0: Ground out U3 (Groundball, 34, EV 87.5 MPH)
Top of the 8th over - 0 runs, 1 hit, 0 errors, 1 left on base; Canberra 2 - North Melbourne 5
BOTTOM OF THE 8TH
North Melbourne Kangaroos batting - Pitching for Canberra Raiders : RHP Mitch Lawrenson
Pinch Hitting: RHB David Hockley 0-0: Called Strike
0-1: Foul Ball, location: 9LMF
0-2: Ground out 4-3 (Groundball, 4M, EV 104.4 MPH)
Batting: RHB Gareth Dunn 0-0: Ball
1-0: Called Strike
1-1: Foul Ball, location: 3F
1-2: Foul Ball, location: 2F
1-2: DOUBLE (Flyball, 8RXD, EV 97.5 MPH)
Batting: RHB Alan Morgan 0-0: Foul Ball, location: 5F
0-1: Ball
1-1: Ground out 4-3 (Groundball, 4, EV 104.4 MPH)
Gareth Dunn to third
Batting: LHB Harry Message 0-0: Intentional Walk
Batting: SHB Jim Carney 0-0: Called Strike
0-1: Swinging Strike
0-2: DOUBLE (Flyball, 78D, EV 93.1 MPH)
Gareth Dunn scores
Harry Message to third
Batting: RHB John Paddock 0-0: Ball
1-0: Ball
2-0: Fly out, F8 (Line Drive, 8LD, EV 94.4 MPH)
Bottom of the 8th over - 1 run, 2 hits, 0 errors, 2 left on base; Canberra 2 - North Melbourne 6
TOP OF THE 9TH
Canberra Raiders batting - Pitching for North Melbourne Kangaroos : RHP Herb Watcham
Pitching: RHP Merle Hadden
Pinch Hitting: LHB Darrien Simmons 0-0: Swinging Strike
0-1: Fly out, F9 (Flyball, 9D, EV 96.3 MPH)
Batting: RHB Brad Windus 0-0: Ground out 1-3 (Groundball, 34S, EV 76.9 MPH)
Batting: RHB Jair Durtnell 0-0: Ball
1-0: Called Strike
1-1: Called Strike
1-2: Ball
2-2: Strikes out looking
Top of the 9th over - 0 runs, 0 hits, 0 errors, 0 left on base; Canberra 2 - North Melbourne 6
Friday, April 26th , 2024 - OOTP Baseball 24.9 Build 80